 Dungeon Sprint DCSS version 0.14-a0-3445-g2afddda (webtiles) character file.

1200000 Froboctopus the Blocker (level 13, -18/121 HPs)
             Began as a Formicid Fighter on Mar 23, 2014.
             Was a Follower of Makhleb.
             Demolished by a meat berserker
             ... wielding a +9,+9 battleaxe
              (65 damage)
             ... in the Dungeon (Sprint VIII: "Arena of Blood").
             The game lasted 00:00:29 (12 turns).

Froboctopus the Blocker (Formicid Fighter)            Turns: 12, Time: 00:00:30

HP -18/121       AC 10     Str 24      XL: 13   Next: 16%
MP  17/17        EV  9     Int 10      God: Makhleb [*.....]
Gold 0           SH 31     Dex 10      Spells:  0 memorised, 12 levels left

rFire  . . .     SeeInvis +     h - +โˆž Axe of Woe
rCold  . . .     Clarity  .     b - +0 scale mail
rNeg   . . .     Conserve .     c - +0 shield
rPois  .         rCorr    .     (helmet unavailable)
rElec  .         rRot     .     (no cloak)
SustAb . .       Spirit   .     (no gloves)
rMut   .         Warding  .     (no boots)
Saprov . . .     Stasis   +     (no amulet)
MR     +....                    (no ring)
                                (no ring)

@: somewhat resistant to hostile enchantments, extremely unstealthy
A: permanent stasis, dig shafts and tunnels, four strong arms, antennae 3
a: Dig, Renounce Religion


You were in the Dungeon.
You worshipped Makhleb.
Makhleb was aware of your devotion.
You were not hungry.

You visited 1 branch

Inventory:

Hand weapons
 a - a +0,+0 war axe
 h - the +โˆž,+โˆž Axe of Woe (weapon)
   (You found it in the Dungeon)
Armour
 b - a +0 scale mail (worn)
 c - a +0 shield (worn)
Comestibles
 d - a bread ration
Potions
 e - a potion of might
 f - a potion of curing
 g - a potion of heal wounds
 i - 2 potions of magic


   Skills:
 + Level 17.4 Fighting
 + Level 16.0 Axes
 + Level 17.3 Armour
 + Level 18.7 Shields


You had 12 spell levels left.
You didn't know any spells.

Dungeon Overview and Level Annotations

Branches:
Dungeon (1/1)

Altars:
Makhleb


Innate Abilities, Weirdness & Mutations

Your are under a permanent stasis effect.
You can dig through walls and to a lower floor.
Your four strong arms can wield two-handed weapons with a shield.
You have a pair of large antennae on your head (SInv).


Message History

You slash the bag of meat!
You fatally mangle the bag of meat.
You kill the bag of meat!
Makhleb accepts your kill.
You can now gain health from killing.
Your Fighting skill gained 2 levels and is now at level 17!
Your Axes skill gained 2 levels and is now at level 16!
Your Armour skill gained 2 levels and is now at level 17!
Your Shields skill gained 2 levels and is now at level 18!
You have reached level 12!
Your experience leads to an increase in your attributes!
Increase (S)trength, (I)ntelligence, or (D)exterity?
You feel stronger.
You feel clever.
You have reached level 13!
You hear a shout! x5
The meat berserker appears out of thin air!
A meat berserker comes into view. It is wielding a +9,+9 battleaxe.
You hear a shout! x5
The destroyer blinks!
The meat berserker hits you with a +9,+9 battleaxe!
Ouch! That really hurt!
You die...

. . .#.. ..... ...#.
.....o ...... .......
....... .o....... #
..... #.......#
...#... #.......#
.#...O..###o.o....###.
..o...V)O@)..###......
.ยง...#...O...._......
. #.......#.....#..
..........#_.<._#
..#.......#.....#
...#........_......
..........###......
....###... ..###. .
#... ..#


You could see a destroyer, 3 meat berserkers and 3 bags of meat.

Vanquished Creatures
  2 orcs (D)
2 creatures vanquished.

Notes
Turn   | Place    | Note
--------------------------------------------------------------
     0 | D        | Froboctopus, the Formicid Fighter, began the quest for the Orb.
     0 | D        | Reached XP level 1. HP: 18/18 MP: 1/1
     4 | D        | Became a worshipper of Makhleb the Destroyer
     6 | D        | Noticed a bag of meat
     6 | D        | Noticed a bag of meat
     8 | D        | Noticed a bag of meat
     8 | D        | Noticed a bag of meat
     9 | D        | Noticed a meat berserker
    10 | D        | Killed a bag of meat
    10 | D        | Reached skill level 15 in Fighting
    10 | D        | Reached skill level 15 in Armour
    10 | D        | Reached skill level 16 in Shields
    10 | D        | Reached XP level 2. HP: 21/44 MP: 3/3
    10 | D        | Reached XP level 3. HP: 23/50 MP: 4/4
    10 | D        | Reached XP level 4. HP: 26/57 MP: 5/5
    10 | D        | Reached XP level 5. HP: 28/63 MP: 7/7
    10 | D        | Reached XP level 6. HP: 31/70 MP: 8/8
    10 | D        | Reached XP level 7. HP: 33/76 MP: 9/9
    10 | D        | Reached XP level 8. HP: 36/83 MP: 11/11
    10 | D        | Reached XP level 9. HP: 38/89 MP: 12/12
    10 | D        | Reached XP level 10. HP: 40/96 MP: 13/13
    10 | D        | Reached XP level 11. HP: 42/102 MP: 15/15
    11 | D        | Noticed a destroyer
    11 | D        | Noticed a bag of meat
    11 | D        | Noticed a bag of meat
    11 | D        | Noticed a meat berserker
    12 | D        | Killed a bag of meat
    12 | D        | Acquired Makhleb's first power
    12 | D        | Reached skill level 17 in Fighting
    12 | D        | Reached skill level 18 in Shields
    12 | D        | Reached XP level 12. HP: 44/114 MP: 16/16
    12 | D        | Reached XP level 13. HP: 46/121 MP: 17/17
    12 | D        | Demolished by a meat berserker

Action                   |  1- 3 |  4- 6 |  7- 9 | 10-12 | 13-15 || total
-------------------------+-------+-------+-------+-------+-------++-------
Melee: Executioner's axe |     1 |       |       |     1 |       ||     2
